 Dungeon Crawl Stone Soup version 0.31.0-9-g3a7656b989 (webtiles) character file.

Game seed: 6840133281860314440

784 qw the Skirmisher (level 7, -5/35 HPs)
             Began as a Spriggan Hunter on Feb 2, 2024.
             Killed by divine providence
             ... invoked by an orc priest
              (16 damage)
             ... on level 5 of the Dungeon.
             The game lasted 00:00:14 (3158 turns).

qw the Skirmisher (Spriggan Hunter)                 Turns: 3158, Time: 00:00:15

Health: -5/35      AC:  8    Str:  7    XL:     7   Next: 55%
Magic:  8/8        EV: 21    Int: 11    God:
Gold:   132        SH:  0    Dex: 20    Spells: 6/6 levels left

rFire   . . .        a - +0 shortbow
rCold   . . .        (shield currently unavailable)
rNeg    . . .        g - +0 troll leather armour {Pargi}
rPois   .            b - +2 hat
rElec   .            j - +2 cloak
rCorr   .            (gloves unavailable)
SInv    +            (boots unavailable)
Will    +....        (no amulet)
Stlth   ++           (no ring)
HPRegen 1.05/turn    (no ring)
MPRegen 0.11/turn

%: no passive effects
@: lethally poisoned (-5 -> -6), very quick
A: very small, no large weapons, unfitting armour, see invisible, speed 3
a: no special abilities


You were on level 5 of the Dungeon.
You visited 1 branch of the dungeon, and saw 5 of its levels.
You also visited: Sewer.

You collected 132 gold pieces.


Innate Abilities, Weirdness & Mutations

You are very small and have problems with some larger weapons.
You are too small for most types of armour.
You have supernaturally acute eyesight. (SInv)
You cover ground extremely quickly. (Speed+++)


   Skills:
 - Level 2.0 Fighting
 - Level 8.0 Ranged Weapons
 + Level 6.7 Dodging
 - Level 1.5 Stealth


You had 6 spell levels left.
You didn't know any spells.
Your spell library was empty.

Inventory:

Hand Weapons
 a - a +0 shortbow (weapon)
Armour
 b - a +2 hat (worn)
 g - a +0 troll leather armour (worn) {Pargi}
 j - a +2 cloak (worn)
Jewellery
 l - a ring of fire
Wands
 c - a wand of paralysis (6)
 m - a wand of mindburst (5)
Scrolls
 n - 3 scrolls of teleportation
Potions
 d - a potion of heal wounds
 e - 2 potions of haste
 f - a potion of degeneration {unknown}
 h - a potion of curing {unknown}
 i - a potion of brilliance {unknown}
 k - a potion of magic {unknown}

Dungeon Overview and Level Annotations

Branches:
Dungeon (5/15)              Sewer (visited)
 Temple: D:4-7

Altars:
Ashenzari
Cheibriados
Kikubaaqudgha
Uskayaw

Shops:
D:4 =

Annotations:
D:4 3 runed translucent doors, qw's ghost, amateur DEHu
D:5 Grinder


Message History

An orc priest comes into view. It is wielding a +0 flail.
An orc comes into view. It is wielding a +0 flail.
A scorpion comes into view.
You shoot an arrow. The arrow barely misses the scorpion.
The orc shouts!
The scorpion stings you.
You are poisoned.
The scorpion poisons you!
An orc comes into view. It is wielding a +0 whip.
You shoot an arrow. The arrow closely misses the scorpion.
You feel very sick. The scorpion closely misses you.
An orc comes into view. It is wielding a +0 hand axe.
The orc throws a boomerang.
The boomerang misses you.
The scorpion stings you but does no damage.
You shoot an arrow.
The arrow hits the scorpion but does no damage.
You feel sick. The scorpion stings you.
You are more poisoned.
The scorpion poisons you!
You shoot an arrow. The arrow hits the scorpion.
The scorpion is moderately wounded.
You feel very sick. The scorpion misses you.
You shoot an arrow. The arrow hits the scorpion.
The scorpion is moderately wounded.
You feel sick.
The scorpion stings you but does no damage.
The orc throws a boomerang.
The boomerang closely misses you. The scorpion barely misses you.
You shoot an arrow. The arrow hits the scorpion.
The scorpion is heavily wounded.
You feel sick.
The orc priest mumbles some strange prayers to Beogh against you.
Pain shoots through your body!
Grinder comes into view.
She is carrying a wand of polymorph.
The scorpion closely misses you.
The orc priest mumbles some strange prayers to Beogh against you.
Beogh smites you!
You die...

.# .# .# .# ##
########.###...
##........oo!o..
##...####..~~ยค~..
+........@.oo....
####.#####s##....
#.## ... . #..#
.##.. #..#.#
.##..(..# #..#.#
.##.....# #..#.#
.##.....# ###..#.#
###.....# #....#.#
#.....#


You could see a scorpion, an orc priest and 4 orcs.

Vanquished Creatures
  Pargi (Sewer)
  An ogre (D:5)
  2 phantoms (D:5)
  A brain worm (Sewer)
  2 bombardier beetles
  A hound (D:4)
  A jelly (D:5)
  An orc priest (D:5)
  Ijyb (D:3)
  3 orc wizards
  6 adders
  4 dart slugs
  10 orcs
  6 endoplasms
  2 giant cockroaches
  8 hobgoblins
  9 quokkas
  11 ball pythons
  3 bats
  A frilled lizard (Sewer)
  4 goblins
  9 kobolds
  4 rats (D:2)
91 creatures vanquished.

Notes
Turn   | Place    | Note
-------+----------+-------------------------------------------
     0 | D:1      | qw the Spriggan Hunter began the quest for the Orb.
     0 | D:1      | Reached XP level 1. HP: 10/10 MP: 2/2
     0 | D:1      | 0 ||| qw: Version: 0.3-a-155-g5e7d8dd
     0 | D:1      | 0 ||| qw: Game counter: 1946
     0 | D:1      | 0 ||| qw: Melee chars always use a shield: true
     0 | D:1      | 0 ||| qw: God list: Okawaru
     0 | D:1      | 0 ||| qw: Allow faded altars: false
     0 | D:1      | 0 ||| qw: Do Orc after clearing Dungeon:15 true
     0 | D:1      | 0 ||| qw: Do second Lair branch before Depths: true
     0 | D:1      | 0 ||| qw: Lair rune preference: random
     0 | D:1      | 0 ||| qw: Goals: Normal
     0 | D:1      | 0 ||| PLANNING D:1-11
    60 | D:1      | Reached skill level 3 in Dodging
   126 | D:1      | Reached XP level 2. HP: 14/14 MP: 3/3
   630 | D:1      | 630 ||| READING scroll labelled LUUHALOLEI.
   631 | D:1      | 631 ||| READING scroll labelled JOAJUE GAGOE.
   631 | D:1      | 631 ||| IDENTIFYING emerald potion
   632 | D:1      | 632 ||| DROPPING scroll of butterflies.
   740 | D:2      | Reached XP level 3. HP: 15/18 MP: 4/4
   823 | D:2      | Reached skill level 5 in Ranged Weapons
   973 | D:2      | Reached XP level 4. HP: 22/22 MP: 5/5
  1249 | D:2      | 1249 ||| UPGRADING to +1 hat.
  1254 | D:2      | 1254 ||| READING scroll labelled SICIUZASE ASET.
  1355 | D:2      | 1355 ||| READING scroll labelled YFOX FOTSIES.
  1358 | D:2      | 1358 ||| DRINKING 3 inky potions.
  1359 | D:2      | 1359 ||| DRINKING 2 bubbling grey potions.
  1406 | D:2      | 1406 ||| DROPPING 2 potions of attraction.
  1407 | D:2      | 1407 ||| DROPPING potion of lignification.
  1512 | D:3      | Noticed Ijyb
  1527 | D:3      | Killed Ijyb
  1776 | D:3      | 1776 ||| UPGRADING to +2 cloak.
  1781 | D:3      | 1781 ||| READING scroll labelled RECYSHR XAUK.
  1781 | D:3      | 1781 ||| ENCHANTING +1 hat.
  1782 | D:3      | 1782 ||| READING scroll labelled MUARIU HOCS.
  1784 | D:3      | 1784 ||| Stepping ~*~*~tactically~*~*~ (cloud).
  1793 | D:3      | HP: 5/23 [poisoned by you (poison gas)]
  1878 | D:4      | Found Qiadig's Jewellery Boutique.
  1879 | D:4      | 1879 ||| PLANNING SEWER
  1882 | D:4      | 1882 ||| SHOPLISTING +6 ring of dexterity (432 gold, have
                  | 82).
  1882 | D:4      | 1882 ||| SHOPLISTING ring of Cipoj {Int+6 Slay+2} (616
                  | gold, have 82).
  1882 | D:4      | 1882 ||| SHOPLISTING ring of poison resistance (240 gold,
                  | have 82).
  1882 | D:4      | 1882 ||| SHOPLISTING ring of willpower (300 gold, have 82).
  1938 | D:4      | Found a glowing drain.
  1940 | D:4      | Reached XP level 5. HP: 26/26 MP: 6/6
  1950 | Sewer    | Entered a sewer
  2066 | Sewer    | Noticed Pargi
  2067 | Sewer    | 2067 ||| DRINKING 2 potions of haste.
  2094 | Sewer    | Killed Pargi
  2095 | Sewer    | Reached skill level 6 in Ranged Weapons
  2095 | Sewer    | Reached XP level 6. HP: 23/30 MP: 7/7
  2216 | Sewer    | 2216 ||| UPGRADING to +0 troll leather armour {Pargi}.
  2226 | Sewer    | 2226 ||| DROPPING +0 robe.
  2227 | Sewer    | 2227 ||| READING scroll labelled TUDDUT ZUWA.
  2228 | Sewer    | 2228 ||| READING scroll labelled PIMYS CUQEIH.
  2242 | D:4      | 2242 ||| PLANNING D:1-11
  2344 | D:4      | Found an ancient bone altar of Kikubaaqudgha.
  2392 | D:4      | Found a snail-covered altar of Cheibriados.
  2428 | D:4      | Reached skill level 6 in Dodging
  2462 | D:4      | Found a runed translucent gate.
  2462 | D:4      | Found a runed translucent gate.
  2462 | D:4      | Found a runed translucent gate.
  2463 | D:4      | Noticed qw's ghost (amateur DEHu)
  2752 | D:4      | Found a broken altar of Ashenzari.
  2752 | D:4      | Found a hide-covered altar of Uskayaw.
  2853 | D:4      | 2853 ||| READING scroll of identify.
  2853 | D:4      | 2853 ||| IDENTIFYING sapphire potion
  2896 | D:5      | Entered Level 5 of the Dungeon
  2961 | D:5      | Reached skill level 7 in Ranged Weapons
  2961 | D:5      | Reached XP level 7. HP: 35/35 MP: 8/8
  2981 | D:5      | 2981 ||| FLEEEEING.
  3034 | D:5      | Reached skill level 8 in Ranged Weapons
  3158 | D:5      | Noticed Grinder
  3158 | D:5      | Killed from afar by an orc priest

Levels and vault maps discovered:
D:1:      dpeg_arrival_round_c, layout_loops_ring, chequers_serial_rivers_marsh
D:2:      minmay_general_purpose_star, layout_basic, st_stairs_1,
          minmay_pentomino_w2
D:3:      layout_rooms, uniq_ijyb
D:4:      layout_loops_ring, nicolae_overflow_two_pavilions,
          overflow_temple_1_default, kennysheep_little_box,
          gammafunk_ghost_split, portal_sewer_entry_f, serial_shops,
          nicolae_stop_n_shop_1
D:5:      layout_basic, mainiacjoe_overflow_boulevard, lexackson_kobold_supper,
          uniq_grinder

Skill      XL: |  1  2  3  4  5  6  7 |
---------------+----------------------+-----
Dodging        | 3 4 5 6 |  6.7
Ranged Weapons | 5 6 7 8 |  8.0
Fighting       | 2 |  2.0
Stealth        | |  1.5

Action                     |  1- 3 |  4- 6 |  7- 9 || total
---------------------------+-------+-------+-------++-------
   Fire: Shortbow          |    82 |   193 |    83 ||   358
    Use: Scroll            |     2 |     7 |       ||     9
         Potion            |       |     3 |       ||     3
 Armour: Robe              |     2 |    27 |       ||    29
         Troll leather arm |       |    12 |    20 ||    32
  Dodge: Dodged            |    14 |   116 |    60 ||   190

Table legend:
 A = Non-vault XP
 B = Vault XP
 C = Vault XP percentage of total XP
 D = Non-vault monster count
 E = Vault monster count
 F = Vault count percentage of total count
                 A         B        C        D         E       F
            +---------+---------+-------+---------+---------+-------
      Total |     824 |     297 |  26.5 |      73 |      18 |  19.8
            +---------+---------+-------+---------+---------+-------
        D:1 |      27 |       0 |   0.0 |      14 |       0 |   0.0
        D:2 |      74 |      10 |  11.9 |      21 |       5 |  19.2
        D:3 |      37 |      36 |  49.3 |      13 |       1 |   7.1
        D:4 |     196 |      10 |   4.9 |      15 |       5 |  25.0
        D:5 |     490 |       0 |   0.0 |      10 |       0 |   0.0
      Sewer |       0 |     241 | 100.0 |       0 |       7 | 100.0
            +---------+---------+-------+---------+---------+-------
